 Dungeon Crawl Stone Soup version 0.31.0-1-g2c135a0 (webtiles) character file.

Game seed: 11356737816156477658

217 flinslave4 the Shooter (level 5, -2/45 HPs)
             Began as a Minotaur Hunter on Apr 12, 2024.
             Slain by a quokka (4 damage)
             ... summoned by Eustachio
             ... on level 4 of the Dungeon.
             The game lasted 00:06:06 (1910 turns).

flinslave4 the Shooter (Minotaur Hunter)            Turns: 1910, Time: 00:06:07

Health: -2/45      AC:  3    Str: 15    XL:     5   Next: 62%
Magic:  4/4        EV: 13    Int:  8    God:
Gold:   126        SH:  0    Dex: 23    Spells: 4/4 levels left

rFire   . . .        g - +1 whip "Lititoco" {elec, Dex+9}
rCold   . . .        m - orb {*Rage}
rNeg    . . .        c - +0 leather armour
rPois   .            (helmet restricted)
rElec   .            (no cloak)
rCorr   .            (no gloves)
SInv    .            (no boots)
Will    .....        h - amulet of magic regeneration
Stlth   ++           (no ring)
HPRegen 0.27/turn    (no ring)
MPRegen 0.49/turn

%: random rage (20%)
@: lethally poisoned (-2 -> -5)
A: horns 2, retaliatory headbutt
a: no special abilities


You were on level 4 of the Dungeon.
You visited 1 branch of the dungeon, and saw 4 of its levels.

You collected 126 gold pieces.

Inventory:

Hand Weapons
 a - a +1 shortbow
 g - the +1 whip "Lititoco" (weapon) {elec, Dex+9}
   (You found it on level 2 of the Dungeon)

   Dex+9:     It affects your dexterity (+9).
 i - a +1 vampiric short sword
Armour
 c - a +0 leather armour (worn)
 m - an orb of wrath (worn)
Jewellery
 h - an amulet of magic regeneration (around neck)
 l - an amulet of guardian spirit
 n - a +6 ring of strength
Scrolls
 b - a scroll of butterflies
 e - 4 scrolls of identify
 f - a scroll of torment {unknown}
 o - a scroll of noise {unknown}
Potions
 d - 2 potions of curing
 j - a potion of degeneration {unknown}
 k - 2 potions of haste {unknown}


   Skills:
 + Level 3.4 Fighting
 + Level 0.6 Maces & Flails
 + Level 6.5 Ranged Weapons
 + Level 1.8 Armour
 + Level 2.8 Dodging
 + Level 1.1 Stealth


You had 4 spell levels left.
You didn't know any spells.
Your spell library was empty.

Dungeon Overview and Level Annotations

Branches:
Dungeon (4/15)             Temple (0/1) D:4

Altars:
Sif Muna

Annotations:
D:4 Eustachio


Innate Abilities, Weirdness & Mutations

You have a pair of horns on your head.
You reflexively headbutt those who attack you in melee.


Message History

You closely miss Eustachio. Your headbutt misses Eustachio.
Eustachio is severely wounded.
You feel very sick. Eustachio closely misses you.
You are too injured to fight recklessly!
You are too injured to fight recklessly!
You are too injured to fight recklessly!
You are too injured to fight recklessly!
You are too injured to fight recklessly!
You are too injured to fight recklessly!
You are too injured to fight recklessly!
You are too injured to fight recklessly!
Unknown command.
You are too injured to fight recklessly!
You closely miss Eustachio.
Eustachio is severely wounded.
You feel very sick.
Eustachio casts a spell.
Eustachio blinks!
You feel very sick.
Eustachio hits you with a +1 rapier of venom.
* * * LOW HITPOINT WARNING * * *
You hit Eustachio.
Eustachio is severely wounded.
You feel sick.
Eustachio mumbles some strange words.
You barely miss Eustachio. You headbutt Eustachio.
Eustachio is almost dead.
You feel sick.
Eustachio hits you with a +1 rapier of venom.
* * * LOW HITPOINT WARNING * * *
The quokka closely misses you. The bat hits you.
* * * LOW HITPOINT WARNING * * *
The bat barely misses you.
You hit Eustachio but do no damage.
Eustachio is almost dead.
* * * LOW HITPOINT WARNING * * *
You feel sick. The bat barely misses you. The bat closely misses you.
The quokka bites you.
You die...

#.# #.# #.#########
#.##......# #.##......#
#.##......# ##.##......#
#......@.#
##########....b.@b#
#...............r.#
.....#####...............
....[# #.....###.⌠..>..
.....# #.....# )......
.....# ....#+## ###...#
.....# .....# ?⌠.# .....#
.....# ..# .....# ....#
##


You could see Eustachio, a quokka (summoned) and 2 bats.

Vanquished Creatures
  A phantom (D:2)
  A jelly (D:4)
  3 adders
  7 dart slugs
  4 ribbon worms
  An orc (D:3)
  5 ball pythons
  4 bats
  6 endoplasms
  A giant cockroach (D:2)
  8 goblins
  3 hobgoblins (D:2)
  4 jackals (D:1)
  2 quokkas (D:2)
  7 kobolds
  3 rats
60 creatures vanquished.

Notes
Turn   | Place    | Note
-------+----------+-------------------------------------------
     0 | D:1      | flinslave4 the Minotaur Hunter began the quest for the Orb.
     0 | D:1      | Reached XP level 1. HP: 18/18 MP: 0/0
   100 | D:1      | Reached XP level 2. HP: 25/25 MP: 1/1
   103 | D:1      | Reached skill level 5 in Ranged Weapons
   472 | D:2      | Reached XP level 3. HP: 30/30 MP: 2/2
   492 | D:2      | Identified the +1 whip "Lititoco" {elec, Dex+9}
  1079 | D:2      | Noticed a phantom
  1084 | D:2      | Reached XP level 4. HP: 38/38 MP: 3/3
  1096 | D:2      | Killed a phantom
  1097 | D:2      | Reached skill level 6 in Ranged Weapons
  1097 | D:2      | Reached skill level 1 in Stealth
  1097 | D:2      | Reached XP level 5. HP: 19/45 MP: 4/4
  1338 | D:3      | Reached skill level 1 in Armour
  1480 | D:3      | Found a shimmering blue altar of Sif Muna.
  1898 | D:4      | Noticed Eustachio
  1900 | D:4      | Found a staircase to the Ecumenical Temple.
  1910 | D:4      | HP: 2/45 [poisoned by Eustachio]
  1910 | D:4      | Slain by a quokka

Illustrated notes

Levels and vault maps discovered:
D:1:      tarquinn_simple_flora_water_a, layout_rooms
D:2:      layout_basic, minmay_divided_ellipse
D:3:      layout_rooms, nicolae_sif_muna_condensation
D:4:      kennysheep_slugbush, layout_basic, minmay_temple_entry_junction,
          serial_undead, serial_undead_c, serial_undead_f, serial_undead_e,
          serial_undead_c, hellmonk_ghost_happy_afterlife, uniq_eustachio

Skill      XL: |  1  2  3  4  5 |
---------------+----------------+-----
Ranged Weapons | 5 6 |  6.5
Fighting       | 3 |  3.4
Stealth        | 1 |  1.1
Armour         | 1 |  1.8
Maces & Flails | |  0.6
Dodging        | |  2.8

Action                     |  1- 3 |  4- 6 || total
---------------------------+-------+-------++-------
  Melee: Whip              |       |    33 ||    33
         Headbutt          |       |     3 ||     3
   Fire: Shortbow          |    98 |    13 ||   111
    Use: Scroll            |     3 |       ||     3
   Stab: Distracted        |       |     1 ||     1
         Sleeping          |       |     1 ||     1
 Armour: Leather armour    |    17 |    33 ||    50
  Dodge: Dodged            |    24 |    42 ||    66
